 Dungeon Crawl Stone Soup version 0.32-a0-768-g0f6f1dd4b9 (webtiles) character file.

Game seed: 6222019299327663086

29 Xavori the Trooper (level 3, 30/30 HPs)
             Began as a Djinni Chaos Knight on Mar 18, 2024.
             Was a Plaything of Xom.
             Quit the game on level 1 of the Dungeon.
             The game lasted 00:01:10 (10188 turns).

Xavori the Trooper (Djinni Chaos Knight)           Turns: 10188, Time: 00:01:11

Health: 30/30      AC:  5    Str: 10    XL:     3   Next: 32%
Gold:   63         EV: 11    Int: 12    God:    Xom [..*...] SH:  0 Dex: 18

rFire   + + .        a - +0 falchion (chaos)
rCold   x x .        (no shield)
rNeg    . . .        b - +2 leather armour
rPois   ∞            (helmet restricted)
rElec   .            (no cloak)
rCorr   .            (no gloves)
SInv    .            (boots unavailable)
Will    +....        (no amulet)
Stlth   +            (no ring)
HPRegen 0.25/turn    (no ring)
MPRegen 0.00/turn

%: no passive effects
@: flying
A: sickness immunity, fire resistance 2, cold vulnerability 2, float, innate
caster, HP casting, extra vitality 1, horns 1, agile 1, strong-willed 1, sense
surroundings 1, noise suppression
a: Renounce Religion


You were on level 1 of the Dungeon.
You worshipped Xom.
You were a toy of Xom.
You visited 1 branch of the dungeon, and saw 2 of its levels.

You collected 63 gold pieces.

Inventory:

Hand Weapons
 a - a +0 falchion of chaos (weapon)
Armour
 b - a +2 leather armour (worn)
Scrolls
 c - a scroll of butterflies
 d - a scroll of blinking {unknown}
 e - a scroll of poison {unknown}
 f - a scroll of enchant armour {unknown}


   Skills:
 + Level 3.2 Fighting
 + Level 2.9 Long Blades
 + Level 1.4 Armour
 + Level 2.5 Dodging
 * Level 1.0 Spellcasting
 * Level 1.0 Conjurations
 * Level 1.0 Hexes
   Level 0.0 Charms
 * Level 1.0 Summonings
 * Level 1.0 Necromancy
 * Level 1.0 Translocations
   Level 0.0 Transmutations
 * Level 1.0 Fire Magic
 * Level 1.0 Ice Magic
 * Level 1.0 Air Magic
 * Level 1.0 Earth Magic
 * Level 1.0 Alchemy


You knew the following spells:

 Your Spells              Type           Power      Damage    Failure   Level
a - Sandblast             Erth           6%         2d5       26%         1
Your spell library was empty.

Dungeon Overview and Level Annotations

Branches:
Dungeon (2/15)

Altars:


Innate Abilities, Weirdness & Mutations

You are immune to sickness and miasma.
You are immune to poison.
Your flesh is very heat resistant. (rF++)
You are very vulnerable to cold. (rC--)
You float through the air rather than walking.
You learn spells naturally, not from books.
Your magical power is your life essence.
You have superior vitality. (+4 MHP)
You have a pair of small horns on your head.
You are agile. (Dex +4, Str/Int -1)
You are strong-willed. (Will+)
You passively map a small area around you.
You passively dampen the noise of your surroundings.


Message History

Xom is getting BORED.
You start waiting.
You are now a BORING thing.
You start waiting.
You are now a toy of Xom.
You start waiting.
Done waiting.
You start waiting.
Done waiting.
You start waiting.
Done waiting.
You start waiting.
Done waiting.
You start waiting.
Done waiting.
You start waiting.
Done waiting.
You start waiting.
Done waiting.
You start waiting.
You almost hear Xom's maniacal laughter.
Nothing appears to happen...
Ominous!
You start waiting.
Xom almost notices you.
Your scroll labelled TYCURI AXARUNT briefly glows.
You start waiting.
Done waiting.
You start waiting.
Done waiting.
You start waiting.
Done waiting.
You start waiting.
Done waiting.
You start waiting.
Done waiting.
You start waiting.
Done waiting.
You start waiting.
Xom makes a sudden noise!
You hear a loud clanging noise!
Are you sure you want to abandon this character and quit the game? (Confirm with "yes".)

#.......####.......
#.........##.......
#.......#.#........
#.......#.#........
#.......#..........
#.....###...#...###
#.###.....#........ ###
#.##....######.####
#.###Z@...#.......Z...#
#......##.#######.###.#
#.####.##.##### #...#.#
#)####........# ###.#..
#..........#..### #.###
#######....#....###....
##<###.#..##.#.#......
#...##.#####...###....
##.............#......


You could see a friendly jackal zombie.

Vanquished Creatures
  A dart slug (D:1)
  2 ball pythons (D:1)
  3 endoplasms (D:1)
  2 giant cockroaches (D:1)
  A goblin (D:1)
  2 hobgoblins (D:1)
  3 jackals (D:1)
  A quokka (D:1)
  3 bats (D:1)
  A frilled lizard (D:1)
  2 kobolds (D:1)
  4 rats (D:1)
25 creatures vanquished.

Notes
Turn   | Place    | Note
-------+----------+-------------------------------------------
     0 | D:1      | Xavori the Djinni Chaos Knight began the quest for the Orb.
     0 | D:1      | Reached XP level 1. HP: 20/20 MP: 0/0
    73 | D:1      | Reached XP level 2. HP: 20/25 MP: 0/0
   186 | D:1      | XOM: silly message
   400 | D:1      | Reached XP level 3. HP: 13/30 MP: 0/0
   400 | D:1      | Learned a level 1 spell: Sandblast
   403 | D:1      | XOM: divination: detect items
   406 | D:1      | Reached skill level 1 in Spellcasting
   406 | D:1      | Reached skill level 1 in Conjurations
   406 | D:1      | Reached skill level 1 in Hexes
   406 | D:1      | Reached skill level 1 in Summonings
   406 | D:1      | Reached skill level 1 in Necromancy
   406 | D:1      | Reached skill level 1 in Translocations
   406 | D:1      | Reached skill level 1 in Fire Magic
   406 | D:1      | Reached skill level 1 in Ice Magic
   406 | D:1      | Reached skill level 1 in Air Magic
   406 | D:1      | Reached skill level 1 in Earth Magic
   406 | D:1      | Reached skill level 1 in Alchemy
   819 | D:1      | XOM: give mutation
   819 | D:1      | Gained mutation: You sometimes lose your temper in combat.
                  | [Xom's mischief]
  1452 | D:1      | XOM: torment (16/30 hp)
  2633 | D:1      | XOM: give mutations
  2633 | D:1      | Gained mutation: You passively map a small area around you.
                  | [Xom's mischief]
  2633 | D:1      | Gained mutation: You have an uncontrollable temper. [Xom's
                  | mischief]
  2633 | D:1      | Lost mutation: You have an uncontrollable temper. [Xom's
                  | mischief]
  3887 | D:1      | XOM: summons 2 hostile demons
  4865 | D:1      | XOM: cloud trail
  5246 | D:1      | XOM: give mutations
  5246 | D:1      | Gained mutation: You have a pair of small horns on your
                  | head. [Xom's grace]
  5246 | D:1      | Gained mutation: You are strong-willed. (Will+) [Xom's
                  | grace]
  5254 | D:1      | XOM: give mutations
  5254 | D:1      | Gained mutation: You expend health (3 HP) to strengthen
                  | your wands. [Xom's grace]
  5254 | D:1      | Lost mutation: You sometimes lose your temper in combat.
                  | [Xom's grace]
  5640 | D:1      | XOM: give mutations
  5640 | D:1      | Gained mutation: You are very vulnerable to cold. (rC--)
                  | [Xom's mischief]
  5640 | D:1      | Lost mutation: You expend health (3 HP) to strengthen your
                  | wands. [Xom's mischief]
  5640 | D:1      | Gained mutation: You passively dampen the noise of your
                  | surroundings. [Xom's mischief]
  5640 | D:1      | Gained mutation: You are agile. (Dex +4, Str/Int -1) [Xom's
                  | mischief]
  6082 | D:1      | XOM is BORED!
  6332 | D:1      | XOM: god gift: 39 gold pieces
  7079 | D:1      | XOM: noise
  7169 | D:1      | XOM: noise
  7655 | D:1      | XOM: silly message
  7703 | D:1      | XOM: silly message
  8603 | D:1      | XOM: silly message
  8807 | D:1      | XOM is BORED!
  9548 | D:1      | XOM: silly message
  9574 | D:1      | XOM: silly message
 10187 | D:1      | XOM: noise
 10188 | D:1      | Quit the game

Illustrated notes

Levels and vault maps discovered:
D:1:      saegor_arrival_simple_a, layout_basic, serial_bayou_lake_a
D:2:      layout_rooms, minmay_misc_feat_diagonals

Skill      XL: |  1  2  3 |
---------------+----------+-----
Spellcasting   | 1 |  1.0
Conjurations   | 1 |  1.0
Hexes          | 1 |  1.0
Summonings     | 1 |  1.0
Necromancy     | 1 |  1.0
Translocations | 1 |  1.0
Fire Magic     | 1 |  1.0
Ice Magic      | 1 |  1.0
Air Magic      | 1 |  1.0
Earth Magic    | 1 |  1.0
Alchemy        | 1 |  1.0
Fighting       | |  3.2
Long Blades    | |  2.9
Armour         | |  1.4
Dodging        | |  2.5

Action                     || total
---------------------------++-------
  Melee: Falchion          ||    64
   Stab: Paralysed         ||     1
 Armour: Leather armour    ||    43
  Dodge: Dodged            ||    40

Table legend: (Time is in decaauts)
 A = Elapsed time spent in this place.
 B = Non-inter-level travel time spent in this place.
 C = Inter-level travel time spent in this place.
 D = Time resting spent in this place.
 E = Time spent auto-exploring this place.
 F = Levels seen in this place.
 G = Mean time per level.
                   A        B        C        D        E       F      G
               +--------+--------+--------+--------+--------+-----+--------+
         Total |  10211 |  10192 |     19 |   9211 |    843 |   2 | 5105.5 |
       Dungeon |  10211 |  10192 |     19 |   9211 |    843 |   2 | 5105.5 |
               +--------+--------+--------+--------+--------+-----+--------+

Top non-repeatable levels by time:
     D:1: 9961 daAuts
     D:2: 250 daAuts
